 Dungeon Crawl Stone Soup version 0.29.1-2-gbd0b4ee654 (webtiles) character file.

Game seed: 15262950869229567711

3210 KittyFluff the Cruncher (level 9, -2/55 HPs)
             Began as a Gargoyle Berserker on Nov 15, 2022.
             Was an Elder of Trog.
             Slain by an orc warrior
             ... wielding a +3 hand axe
              (21 damage)
             ... in a bailey.
             The game lasted 00:31:40 (8100 turns).

KittyFluff the Cruncher (Gargoyle Berserker)        Turns: 8100, Time: 00:31:40

Health: -2/55      AC: 16    Str: 21    XL:     9   Next: 97%
Magic:  9/9        EV: 13    Int: 14    God:    Trog [****..]
Gold:   643        SH:  0    Dex: 13    Spells: 8/8 levels left

rFire   + + .      SeeInvis .   v - +0 quarterstaff
rCold   . . .      Faith    .   (shield currently unavailable)
rNeg    + . .      Spirit   .   F - +0 leather armour
rPois   ∞          Reflect  .   u - +0 helmet
rElec   +          Harm     .   e - +0 cloak
rCorr   .          Rampage  .   (no gloves)
Will    .....                   K - +2 pair of boots of Understanding {rF++ Int+6}
Stlth   ++........              I - amulet of the acrobat
HPRegen 0.18/turn               (no ring)
MPRegen 0.11/turn               (no ring)

@: on berserk cooldown, slowed, very slow
A: sickness immunity, AC +6, negative energy resistance 1, electricity
resistance, torment resistance 1, petrification resistance
a: Renounce Religion, Berserk, Trog's Hand, Brothers in Arms


You were in a bailey.
You worshipped Trog.
Trog was greatly pleased with you.
You visited 1 branch of the dungeon, and saw 7 of its levels.
You also visited: Bailey.

You collected 643 gold pieces.

Inventory:

Hand Weapons
 a - a +2 vorpal flail
 d - a +1 vorpal sling
 f - a +2 mace
 v - a +0 quarterstaff (weapon)
Missiles
 q - 7 silver boomerangs
 B - 12 poisoned darts (quivered)
 H - 5 javelins
Armour
 c - a +0 pair of boots
 e - a +0 cloak (worn)
 u - a +0 helmet (worn)
 F - a +0 leather armour (worn)
 K - the +2 pair of boots of Understanding (worn) {rF++ Int+6}
   (You found it on level 7 of the Dungeon)

   Int:       It affects your intelligence (+6).
   rF:        It greatly protects you from fire.
Jewellery
 h - an amulet of faith
 I - an amulet of the acrobat (around neck)
Wands
 w - a wand of flame (14)
Scrolls
 b - a scroll of amnesia {unknown}
 j - 2 scrolls of blinking {unknown}
 l - a scroll of poison {unknown}
 m - a scroll of silence {unknown}
 r - 2 scrolls of magic mapping {unknown}
 y - a scroll of enchant weapon {unknown}
 C - a scroll of teleportation {unknown}
 D - a scroll of butterflies {unknown}
 E - a scroll of immolation {unknown}
 J - a scroll of vulnerability {unknown}
 L - a scroll of fear {unknown}
Potions
 g - 2 potions of haste
 i - 4 potions of mutation
 k - a potion of resistance {unknown}
 n - a potion of magic {unknown}
 o - 2 potions of degeneration {unknown}
 p - 8 potions of curing
 s - 3 potions of might {unknown}
 t - 3 potions of lignification {unknown}
 x - 6 potions of cancellation {unknown}
 z - 2 potions of heal wounds {unknown}
 A - a potion of flight {unknown}
 G - a potion of attraction {unknown}


   Skills:
 + Level 6.1 Fighting
 + Level 4.6(7.6) Maces & Flails
 * Level 9.5(10.0) Staves
 + Level 1.5 Ranged Weapons
 * Level 6.3 Armour
 + Level 4.0 Dodging
 + Level 2.4 Stealth


You had 8 spell levels left.
You didn't know any spells.
Your spell library was empty.

Dungeon Overview and Level Annotations

Branches:
Dungeon (7/15)             Temple (0/1) D:5          Bailey (1/1)

Altars:
Hepliaklqana
Makhleb
Sif Muna
Wu Jian


Innate Abilities, Weirdness & Mutations

You are immune to sickness and miasma.
Your stone body is resilient. (AC +6)
You are immune to poison.
You resist negative energy. (rN+)
You are resistant to electric shocks. (rElec)
You are resistant to unholy torment.
You are immune to petrification.


Message History

You completely miss the orc knight.
The orc knight is heavily wounded.
The orc warrior shouts!
You sock the orc knight!
The orc knight is heavily wounded.
The orc knight hits you with a +0 halberd.
You closely miss the orc knight.
The orc knight is heavily wounded.
You sock the orc knight!
The orc knight is severely wounded.
The orc warrior no longer looks unusually strong. x2
The orc knight roars a battlecry!
The orc warriors go into a battle-frenzy!
You sock the orc knight!
The orc knight is almost dead.
You closely miss the orc knight.
The orc knight is almost dead.
The orc knight hits you but does no damage.
You sock the orc knight!
You kill the orc knight!
Trog accepts your kill.
Your Fighting skill increases to level 6!
Your Ranged Weapons skill increases to level 1!
Your Dodging skill increases to level 4!
You are no longer berserk.
You are exhausted.
You feel yourself slow down. The orc warrior misses you.
There is an open door, spattered with blood here.
You hit the orc warrior.
The orc warrior is lightly wounded.
The orc warrior closely misses you.
You miss the orc warrior.
The orc warrior is lightly wounded.
The orc warrior hits you with a +3 hand axe!
* * * LOW HITPOINT WARNING * * *
The orc warrior barely misses you. The orc warrior closely misses you.
The orc warrior hits you but does no damage.
It was a potion of curing.
You feel better.
The orc warrior hits you with a +3 hand axe!!
You die...

#..#8#o.#
#.......#
##.....##
###'###
#...#
#...#
#...#
#oo.#
###@###
##...).##
#.......#
#...)...#
#.......#
#..#.#.)#
#.##8##)#
#..#.#.[#
#.....[)#


You could see 2 orc warriors.

Vanquished Creatures
  An orc knight (Bailey)
  Menkaure (D:5)
  3 water moccasins
  2 orc warriors (Bailey)
  2 black bears
  A centaur (D:6)
  3 ogres
  2 bullfrogs
  3 necrophages
  2 scorpions
  5 wights (D:7)
  3 howler monkeys (D:7)
  2 hounds (D:6)
  2 jellies
  2 gnoll boudas
  3 orc priests
  3 iguanas
  3 orc wizards
  Robin (D:3)
  9 gnolls
  10 adders
  A shadow imp (D:5)
  A white imp (D:7)
  4 ufetubi
  2 worms
  3 dart slugs
  30 orcs
  8 bats
  16 endoplasms
  5 giant cockroaches
  12 goblins
  12 hobgoblins
  6 quokkas
  11 ball pythons
  A frilled lizard (D:3)
  6 kobolds
  11 rats
192 creatures vanquished.

Vanquished Creatures (others)
  2 fungi (D:2)
  4 toadstools (D:2)
6 creatures vanquished.

Grand Total: 198 creatures vanquished

Notes
Turn   | Place    | Note
-------+----------+-------------------------------------------
     0 | D:1      | KittyFluff the Gargoyle Berserker began the quest for the
                  | Orb.
     0 | D:1      | Reached XP level 1. HP: 14/14 MP: 1/1
    98 | D:1      | Reached XP level 2. HP: 8/19 MP: 2/2
   895 | D:1      | Reached XP level 3. HP: 22/24 MP: 3/3
   969 | D:1      | Found a faded altar of an unknown god.
  1566 | D:2      | Reached XP level 4. HP: 29/29 MP: 4/4
  1845 | D:2      | You fall into a shaft and drop 1 floor!
  1913 | D:2      | Reached ** piety under Trog
  2654 | D:3      | Reached XP level 5. HP: 33/33 MP: 5/5
  2712 | D:3      | Noticed Robin
  2721 | D:3      | Killed Robin
  3234 | D:3      | Reached *** piety under Trog
  3412 | D:3      | Found an ornate altar of the Wu Jian Council.
  3419 | D:3      | Noticed a spectral centipede
  3419 | D:3      | Noticed a spectral black mamba
  3419 | D:3      | Noticed a spectral cane toad
  3517 | D:4      | Found a burning altar of Makhleb.
  3669 | D:4      | Noticed an ogre
  3683 | D:4      | Killed an ogre
  3684 | D:4      | Reached skill level 1 in Staves
  3684 | D:4      | Reached XP level 6. HP: 37/39 MP: 6/6
  3843 | D:4      | Reached skill level 2 in Staves
  3843 | D:4      | Reached skill level 1 in Stealth
  4494 | D:5      | Entered Level 5 of the Dungeon
  4524 | D:5      | Reached skill level 3 in Staves
  4524 | D:5      | Reached XP level 7. HP: 30/44 MP: 7/7
  4740 | D:5      | Reached skill level 4 in Staves
  4742 | D:5      | Found a staircase to the Ecumenical Temple.
  5160 | D:5      | Reached skill level 5 in Staves
  5160 | D:5      | Reached XP level 8. HP: 39/48 MP: 8/8
  5607 | D:5      | Noticed Menkaure
  5618 | D:5      | Killed Menkaure
  5619 | D:5      | Reached skill level 5 in Fighting
  6097 | D:6      | Reached skill level 6 in Staves
  6329 | D:6      | Found a hazy altar of Hepliaklqana.
  6340 | D:6      | Found a shimmering blue altar of Sif Muna.
  6470 | D:6      | Reached skill level 5 in Armour
  6733 | D:6      | Reached skill level 7 in Staves
  6942 | D:6      | Reached XP level 9. HP: 48/54 MP: 9/9
  7056 | D:6      | Reached **** piety under Trog
  7302 | D:7      | Reached skill level 8 in Staves
  7340 | D:7      | Identified the +2 pair of boots of Understanding {rF++
                  | Int+6}
  7632 | D:7      | Found a flagged portal.
  7642 | Bailey   | Entered a bailey
  7964 | Bailey   | Noticed an orc knight
  7999 | Bailey   | Reached skill level 9 in Staves
  8072 | Bailey   | Noticed an orc knight
  8096 | Bailey   | Killed an orc knight
  8097 | Bailey   | Reached skill level 1 in Ranged Weapons
  8100 | Bailey   | Slain by an orc warrior

Illustrated notes

Levels and vault maps discovered:
D:1:      wander_arrival_chamber, layout_basic,
          hellmonk_ecumenical_altar_inner_sanctum
D:2:      minmay_recursive_quarters, layout_basic, minmay_gold_behind_fungi,
          minmay_mini_jars
D:3:      layout_loops_ring, pdpol_wu_jian_five_deadly_venoms, hex_large,
          hangedman_decor_riveting, dk_vineyard_2, minmay_circle_x, uniq_robin
D:4:      layout_basic, lemuel_crystal_altar
D:5:      layout_rooms, minmay_temple_entry_glass, minmay_misc_feat_pillars,
          nicolae_elevator_lobby_plus, uniq_menkaure
D:6:      layout_loops_ring, mainiacjoe_overflow_large_starburst,
          minmay_strange_pillars
D:7:      layout_basic, kennysheep_mini, enter_bailey_4
Bailey:   bailey_polearm_5, bailey

Skill      XL: |  1  2  3  4  5  6  7  8  9 |
---------------+----------------------------+-----
Fighting       | 4 5 6 |  6.1
Dodging        | 2 3 4 |  4.0
Armour         | 3 4 5 6 |  6.3
Maces & Flails | 4 |  4.6
Staves         | 1 3 5 7 9 |  9.5
Stealth        | 1 2 |  2.4
Ranged Weapons | 1 |  1.5

Action                   |  1- 3 |  4- 6 |  7- 9 || total
-------------------------+-------+-------+-------++-------
Melee: Mace              |    96 |   108 |       ||   204
       Punch             |       |     1 |       ||     1
       Quarterstaff      |       |   122 |   403 ||   525
 Fire: Sling             |       |       |    16 ||    16
Invok: Berserk           |     1 |     4 |     5 ||    10
  Use: Scroll            |       |       |     3 ||     3
       Potion            |       |       |     1 ||     1
 Stab: Sleeping          |     2 |     1 |     2 ||     5
Armor: Animal skin       |    30 |    94 |    24 ||   148
       Leather armour    |       |       |   130 ||   130
Dodge: Dodged            |    61 |   179 |   299 ||   539
